 Dungeon Crawl Stone Soup version 0.28-a0-245-g639a1a48b9 (webtiles) character file.

Game seed: 132248410742944250

645 robertstho the Magician (level 7, -5/73 HPs)
             Began as a Djinni Fire Elementalist on Aug 24, 2021.
             Slain by Duvessa (14 damage)
             ... on level 4 of the Dungeon.
             The game lasted 00:07:23 (5413 turns).

robertstho the Magician (Djinni Fire Elementalist)  Turns: 5413, Time: 00:07:23

Health: -5/73      AC: 23    Str:  4 (7)  XL:     7   Next: 82%
Gold:   67         EV:  2    Int: 23 (25) God:
                   SH:  0    Dex: 12 (13)

rFire   . . .      SeeInvis .   b - +0 spear
rCold   . . .      Faith    .   (no shield)
rNeg    + + +      Spirit   .   (armour currently unavailable)
rPois   ∞          Reflect  .   (helmet currently unavailable)
rElec   .          Harm     .   (cloak currently unavailable)
rCorr   .          Rampage  .   (gloves currently unavailable)
Will    .....      NoTele   +   (boots unavailable)
Stlth   ++........              (no amulet)
HPRegen 0.22/turn               n - +6 ring of intelligence
MPRegen 0.00/turn               (no ring)

@: tree-form
A: stationary, stasis, torment immunity, boosted hp, sickness immunity, (fire
resistance 2), (cold vulnerability 1), float, innate caster, hp casting, extra
vitality 1
a: no special abilities


You were on level 4 of the Dungeon.
You were a tree.
You visited 1 branch of the dungeon, and saw 4 of its levels.

You collected 160 gold pieces.
You spent 93 gold pieces at shops.

Inventory:

Hand Weapons
 b - a +0 spear (weapon)
Armour
 a - a +0 robe (melded)
 g - a +1 cloak (melded)
 k - a +2 kite shield
 l - a +1 helmet (melded)
Jewellery
 n - a +6 ring of intelligence (left branch)
Scrolls
 d - 3 scrolls of vulnerability
 h - 2 scrolls of magic mapping
 j - a scroll of immolation {unknown}
Potions
 c - a potion of degeneration
 e - a potion of ambrosia {unknown}
 f - 2 potions of curing {unknown}
 i - 2 potions of lignification
 m - a potion of resistance {unknown}
 o - a potion of berserk rage {unknown}
 p - a potion of flight


   Skills:
 * Level 2.4 Fighting
 + Level 0.1 Polearms
 + Level 2.6 Dodging
 + Level 2.3 Stealth
 + Level 0.3 Shields
 * Level 5.8 Spellcasting


You couldn't memorise any spells.
You knew the following spells:

 Your Spells              Type           Power      Damage    Failure   Level
a - Foxfire               Conj/Fire      100%       2x1d9     1%          1
b - Conjure Flame         Conj/Fire      33%        6-21      2%          3
c - Inner Flame           Hex/Fire       33%        N/A       2%          3
d - Sticky Flame          Conj/Fire      33%        2d5       8%          4
e - Fireball              Conj/Fire      16%        3d8       22%         5
f - Beastly Appendage     Tmut           66%        N/A       1%          1
g - Corpse Rot            Necr/Air       N/A        N/A       1%          2
h - Portal Projectile     Hex/Tloc       66%        N/A       2%          3
Your spell library was empty.

Dungeon Overview and Level Annotations

Branches:
Dungeon (4/15)
 Temple: D:4-7

Altars:
Nemelex Xobeh

Shops:
D:3 ?   D:4 =

Annotations:
D:2 Natasha
D:4 Duvessa


Innate Abilities, Weirdness & Mutations

You are a tree.
Your roots penetrate the ground, keeping you stationary.
You cannot be teleported.
You are immune to unholy pain and torment.
Your maximum health is greatly increased.
Your equipment is partially melded.
You are immune to sickness and miasma.
You are immune to poison.
((Your flesh is very heat resistant. (rF++)))
((You are vulnerable to cold. (rC-)))
You float through the air rather than walking.
You learn spells naturally, not from books.
Your magical power is your life essence.
You have superior vitality. (+4 HP)


Message History

You conjure some foxfire!
The foxfire hits Duvessa.
Duvessa is moderately wounded.
The foxfire hits Duvessa.
Duvessa is moderately wounded.
Duvessa hits you with a +1 rapier of speed!
Casting: Foxfire (safe; 1% risk of failure)
Confirm with . or Enter, or press ? or * to list all spells.
Aiming: Sticky Flame (dangerous; 7% risk of failure)
Press: ? - help, Shift-Dir - straight line, f - Duvessa
Aim: Duvessa, wielding a +1 rapier of speed and wearing a +0 scale mail (moderately wounded, berserk, ally target, 100% to hit)
The sticky flame hits Duvessa but does no damage.
Duvessa is moderately wounded.
Duvessa is covered in liquid flames!
Duvessa burns!
The foxfire hits Duvessa.
Duvessa is heavily wounded.
The foxfire hits Duvessa!
Duvessa is heavily wounded.
Duvessa hits you with a +1 rapier of speed. x2
Unknown command.
Duvessa burns!
Duvessa hits you but does no damage.
Duvessa burns!
Duvessa hits you with a +1 rapier of speed!
* * * LOW HITPOINT WARNING * * *
It was a potion of lignification.
You turn into a tree.
Your +1 cloak melds into your body.
Your +1 helmet melds into your body.
Your +0 robe melds into your body.
Your roots penetrate the ground.
Duvessa burns!
Duvessa hits you but does no damage.
Duvessa hits you with a +1 rapier of speed.
* * * LOW HITPOINT WARNING * * *
Okay, then.
It was a potion of flight.
Your roots keep you in place.
Duvessa burns!
Duvessa hits you with a +1 rapier of speed.
* * * LOW HITPOINT WARNING * * *
Duvessa hits you but does no damage.
It was a potion of degeneration.
There was something very wrong with that liquid.
You feel weakened.
You feel dopey.
You feel clumsy.
Duvessa burns!
Duvessa barely misses you.
Duvessa hits you with a +1 rapier of speed!
You die...

#...# #.......# #.###... # #.###
#.......# #.##.... ### ###)#
#.......# #.##.... ..# ##.(.#
##...#### ##.##.... #.###(÷###
##..### #..###... ...#).## #..##
#.##.....
.÷....########.##########....#...
.###...............#.......###.##
## ########.....♣e.<...##.####.##
####........).#.###...#
#..######.#.........# ##### ##..#
#.....§...#...#
....########..#####<........#####
###...............#.........#
.######...........#.........#
.#................#.........#
...################........)#


You could see Duvessa (berserk, burning).

Vanquished Creatures
  Grinder (D:3)
  Blork the orc (D:4)
  Dowan (D:4)
  A bullfrog zombie (D:3)
  A hound (D:4)
  2 iguanas (D:4)
  Jessica (D:2)
  Natasha (twice) (D:2)
  A hound skeleton (D:4)
  Robin (D:4)
  2 adders (D:4)
  An ufetubus (D:4)
  2 adder skeletons (D:4)
  3 worms
  A dart slug (D:1)
  5 orcs (D:3)
  7 endoplasms
  4 giant cockroaches
  10 goblins
  10 hobgoblins
  3 jackals
  A quokka (D:1)
  3 ball pythons
  7 bats
  4 frilled lizards
  5 kobolds
  3 rats (D:1)
83 creatures vanquished.

Vanquished Creatures (others)
  390 foxfires
390 creatures vanquished.

Grand Total: 473 creatures vanquished

Notes
Turn   | Place    | Note
-------+----------+-------------------------------------------
     0 | D:1      | robertstho the Djinni Fire Elementalist began the quest for
                  | the Orb.
     0 | D:1      | Reached XP level 1. HP: 15/15 MP: 0/0
   202 | D:1      | Reached XP level 2. HP: 4/21 MP: 0/0
  1004 | D:1      | Reached skill level 3 in Spellcasting
  1155 | D:1      | Found a faded altar of an unknown god.
  1159 | D:1      | Reached XP level 3. HP: 22/26 MP: 0/0
  1159 | D:1      | Learned a level 1 spell: Beastly Appendage
  2044 | D:2      | Noticed Jessica
  2051 | D:2      | Killed Jessica
  2052 | D:2      | Reached XP level 4. HP: 22/31 MP: 0/0
  2468 | D:2      | Reached skill level 1 in Fighting
  2969 | D:2      | Noticed Natasha
  2978 | D:2      | Killed Natasha
  2979 | D:2      | Reached XP level 5. HP: 25/37 MP: 0/0
  2979 | D:2      | Learned a level 2 spell: Corpse Rot
  3188 | D:2      | Noticed Natasha
  3192 | D:2      | Killed Natasha
  3193 | D:2      | Reached skill level 4 in Spellcasting
  3237 | D:2      | Noticed Natasha
  3885 | D:3      | Found Jutuegot's Magic Scroll Shoppe.
  3891 | D:3      | Bought a scroll of teleportation for 33 gold pieces
  3891 | D:3      | Bought a scroll of magic mapping for 38 gold pieces
  3891 | D:3      | Bought a scroll of identify for 22 gold pieces
  3970 | D:3      | Noticed Grinder
  3983 | D:3      | Killed Grinder
  3984 | D:3      | Reached skill level 5 in Spellcasting
  3984 | D:3      | Reached XP level 6. HP: 30/43 MP: 0/0
  3984 | D:3      | Reached XP level 7. HP: 34/48 MP: 0/0
  3984 | D:3      | Learned a level 3 spell: Portal Projectile
  4729 | D:4      | Noticed Robin
  4761 | D:4      | Killed Robin
  4788 | D:4      | Noticed Duvessa
  5033 | D:4      | Noticed Blork the orc
  5039 | D:4      | Killed Blork the orc
  5174 | D:4      | Found a sparkling altar of Nemelex Xobeh.
  5276 | D:4      | Found Lurunist's Jewellery Shop.
  5396 | D:4      | Noticed Dowan
  5403 | D:4      | Killed Dowan
  5413 | D:4      | Slain by Duvessa

Illustrated notes

Levels and vault maps discovered:
D:1:      evilmike_arrival_crescent, layout_basic,
          shapermc_ecumenical_altar_starsandcircs, hangedman_decor_push,
          minmay_pentomino_z4
D:2:      layout_basic, uniq_jessica, uniq_natasha
D:3:      layout_loops_ring, serial_shops, shop, uniq_grinder
D:4:      layout_rooms, mainiacjoe_overflow_six_doors_small,
          grunt_temple_overflow_cloverleaf, serial_shops, shop,
          uniq_blork_the_orc, uniq_duvessa, uniq_robin

Skill      XL: |  1  2  3  4  5  6  7 |
---------------+----------------------+-----
Spellcasting   | 3 5 |  5.8
Fighting       | 1 2 |  2.4
Stealth        | 2 |  2.3
Polearms       | |  0.1
Dodging        | |  2.6
Shields        | |  0.3

Action                   |  1- 3 |  4- 6 |  7- 9 || total
-------------------------+-------+-------+-------++-------
Melee: Spear             |       |       |    11 ||    11
 Cast: Foxfire           |    73 |    84 |    82 ||   239
       Sticky Flame      |       |       |     1 ||     1
  Use: Scroll            |       |     2 |     1 ||     3
       Potion            |       |       |     3 ||     3
Armor: Robe              |     2 |     3 |    15 ||    20
       Skin              |       |       |     2 ||     2
Dodge: Dodged            |     7 |     5 |    16 ||    28
Block: Kite shield       |       |     8 |    16 ||    24

Table legend: (Time is in decaauts)
 A = Elapsed time spent in this place.
 B = Non-inter-level travel time spent in this place.
 C = Inter-level travel time spent in this place.
 D = Time resting spent in this place.
 E = Time spent auto-exploring this place.
 F = Levels seen in this place.
 G = Mean time per level.
                   A        B        C        D        E       F      G
               +--------+--------+--------+--------+--------+-----+--------+
         Total |   5425 |   5319 |    106 |    277 |   4395 |   4 | 1356.2 |
       Dungeon |   5425 |   5319 |    106 |    277 |   4395 |   4 | 1356.2 |
               +--------+--------+--------+--------+--------+-----+--------+

Top non-repeatable levels by time:
     D:1: 2035 daAuts
     D:3: 1487 daAuts
     D:2: 1209 daAuts
     D:4: 692 daAuts
